 Dungeon Crawl Stone Soup version 0.31.0-32-g396128a36d (webtiles) character file.

Game seed: 8258790303066104045

718 Curundu the Chopper (level 7, -1/61 HPs)
             Began as a Minotaur Berserker on Mar 13, 2024.
             Was a Believer of Trog.
             Slain by a lemure (4 damage)
             ... led by Pikel
             ... on level 5 of the Dungeon.
             The game lasted 00:09:31 (3262 turns).

Curundu the Chopper (Minotaur Berserker)            Turns: 3262, Time: 00:09:32

Health: -1/61      AC: 12    Str: 23    XL:     7   Next: 42%
Magic:  6/6        EV: 12    Int:  4    God:    Trog [**....]
Gold:   163        SH:  0    Dex: 10    Spells: 6/6 levels left

rFire   . . .        a - +0 hand axe
rCold   . . .        (no shield)
rNeg    . . .        A - +0 plate armour
rPois   .            (helmet restricted)
rElec   .            (no cloak)
rCorr   .            (no gloves)
SInv    .            (no boots)
Will    .....        (no amulet)
Stlth   x              - +5 ring of evasion
HPRegen 0.30/turn    (no ring)
MPRegen 0.10/turn

%: no passive effects
@: no status effects
A: horns 2, retaliatory headbutt
a: Renounce Religion, Berserk, Trog's Hand


You were on level 5 of the Dungeon.
You worshipped Trog.
Trog was pleased with you.
You visited 1 branch of the dungeon, and saw 5 of its levels.

You collected 163 gold pieces.

Inventory:

Hand Weapons
 a - a +0 hand axe (weapon)
Armour
 A - a +0 plate armour (worn)
Jewellery
 j - a +6 ring of dexterity
 x - a +5 ring of evasion (left hand)
Wands
 o - a wand of roots (18)
 B - a wand of flame (17)
Scrolls
 d - a scroll of teleportation {unknown}
 f - 3 scrolls of poison {unknown}
 g - 2 scrolls of fear {unknown}
 h - a scroll of enchant weapon {unknown}
 i - a scroll of brand weapon {unknown}
 q - 2 scrolls of noise {unknown}
 r - a scroll of immolation {unknown}
 s - a scroll of revelation {unknown}
 t - a scroll of silence {unknown}
 u - 2 scrolls of identify {unknown}
 y - a scroll of acquirement {unknown}
Potions
 b - 2 potions of degeneration {unknown}
 c - a potion of attraction {unknown}
 e - a potion of invisibility {unknown}
 k - 2 potions of curing {unknown}
 l - a potion of haste {unknown}
 m - a potion of might {unknown}
 n - 2 potions of enlightenment {unknown}
 p - a potion of lignification {unknown}
 v - a potion of magic {unknown}
 w - a potion of experience {unknown}
 z - a potion of brilliance {unknown}


   Skills:
 + Level 5.3 Fighting
 + Level 7.8 Axes
 + Level 5.0 Armour
 + Level 3.6 Dodging
 + Level 0.8 Stealth


You had 6 spell levels left.
You didn't know any spells.
Your spell library was empty.

Dungeon Overview and Level Annotations

Branches:
Dungeon (5/15)
 Temple: D:4-7

Altars:
Nemelex Xobeh
Ru
Sif Muna
Trog
Wu Jian

Annotations:
D:1 1 transporter
D:5 Pikel


Innate Abilities, Weirdness & Mutations

You have a pair of horns on your head.
You reflexively headbutt those who attack you in melee.


Message History

You're too confused to move!
The lemure hits you!
The lemure hits you but does no damage. x2; Pikel zaps a wand.
You resist with some effort. The lemure hits you.
You hit the lemure. Your headbutt misses the lemure.
The lemure is moderately wounded.
You hit the lemure. You barely miss the lemure. You hit the lemure.
You closely miss Pikel. The lemure hits you.
The lemure hits you but does no damage. The lemure misses you.
The lemure hits you!
Pikel hits you with a +1 whip of flaming!
Pikel burns you.
You are too confused!
You miss the lemure.
The lemure is moderately wounded.
You closely miss the lemure. x2; You closely miss Pikel.
You closely miss the lemure. The lemure barely misses you.
The lemure hits you but does no damage. Pikel hits you but does no damage.
The lemure closely misses you. The lemure hits you but does no damage.
You barely miss the lemure.
The lemure is lightly wounded.
You closely miss the lemure. You miss Pikel. You closely miss the lemure.
You hit the lemure.
You feel less confused. The lemure hits you. The lemure barely misses you.
The lemure closely misses you. The lemure hits you but does no damage.
Pikel hits you with a +1 whip of flaming!
* * * LOW HITPOINT WARNING * * *
Pikel burns you.
* * * LOW HITPOINT WARNING * * *
You barely miss Pikel. You hit the lemure but do no damage.
You hit the lemure. x2
You miss the lemure. You miss Pikel. Your headbutt misses Pikel.
You hit the lemure but do no damage. You closely miss the lemure.
You hit the lemure but do no damage. You hit the lemure.
Pikel hits you with a +1 whip of flaming.
* * * LOW HITPOINT WARNING * * *
Pikel burns you.
* * * LOW HITPOINT WARNING * * *
The lemure hits you.
You die...

##...>###
#.........
#.........
#.......#
#......# #.....#
#######5K..#
.......@5.#
######.55#####+#
##.........
#$........
##.####### #.#
#####.####
##........##
##............#


You could see Pikel and 4 lemures.

Vanquished Creatures
  Grinder (D:5)
  The ghost of justen the Changeling, an amateur DrSh (D:4)
  A phantom (D:4)
  A jelly (D:3)
  2 quasits (D:4)
  A sleepcap (D:4)
  4 gnolls (D:2)
  9 adders
  A dart slug (D:4)
  2 ribbon worms (D:2)
  3 orcs
  6 endoplasms
  3 giant cockroaches
  11 goblins
  9 hobgoblins
  A jackal (D:1)
  8 kobolds
  4 quokkas
  8 ball pythons
  4 bats
  6 frilled lizards
  2 rats
88 creatures vanquished.

Notes
Turn   | Place    | Note
-------+----------+-------------------------------------------
     0 | D:1      | Curundu the Minotaur Berserker began the quest for the Orb.
     0 | D:1      | Reached XP level 1. HP: 19/19 MP: 0/0
   186 | D:1      | Reached skill level 4 in Axes
   289 | D:1      | Reached XP level 2. HP: 27/27 MP: 1/1
  1015 | D:2      | Reached XP level 3. HP: 30/33 MP: 2/2
  1332 | D:2      | Reached XP level 4. HP: 12/40 MP: 3/3
  1333 | D:2      | HP: 3/60 [gnoll/+0 spear (2)]
  1343 | D:2      | Reached skill level 5 in Axes
  1343 | D:2      | Reached ** piety under Trog
  1821 | D:3      | Reached XP level 5. HP: 47/47 MP: 4/4
  1994 | D:3      | Found an ornate altar of the Wu Jian Council.
  2258 | D:4      | Found a sacrificial altar of Ru.
  2267 | D:4      | Noticed justen's ghost (amateur DrSh)
  2337 | D:4      | Found a bloodstained altar of Trog.
  2383 | D:4      | Reached skill level 6 in Axes
  2490 | D:4      | Found a sparkling altar of Nemelex Xobeh.
  2500 | D:4      | Found a shimmering blue altar of Sif Muna.
  2630 | D:4      | Noticed a phantom
  2643 | D:4      | Killed a phantom
  2644 | D:4      | Reached XP level 6. HP: 55/55 MP: 5/5
  2652 | D:4      | Reached *** piety under Trog
  2833 | D:4      | Found a transporter.
  2850 | D:4      | Found a transporter.
  3045 | D:4      | Killed justen's ghost
  3046 | D:4      | Reached skill level 5 in Fighting
  3048 | D:4      | Reached skill level 7 in Axes
  3049 | D:4      | Reached XP level 7. HP: 61/61 MP: 6/6
  3221 | D:5      | Entered Level 5 of the Dungeon
  3221 | D:5      | Noticed Grinder
  3232 | D:5      | Killed Grinder
  3233 | D:5      | Reached skill level 5 in Armour
  3248 | D:5      | Noticed Pikel
  3262 | D:5      | HP: 3/61 [Pikel/+1 whip of flaming (1)]
  3262 | D:5      | Slain by a lemure

Illustrated notes

Levels and vault maps discovered:
D:1:      spicycebolla_arrival_transporter_tutorial, layout_basic,
          minmay_ruptured
D:2:      layout_loops_ring, minmay_goblin_outpost
D:3:      layout_rooms, mainiacjoe_overflow_24_doors
D:4:      layout_loops_ring, nicolae_ru_sacrificial_ziggurat,
          trog_three_pillars_becter, amethyst_overflow_temple_binary,
          gammafunk_ghost_stat_death
D:5:      layout_cave_pods, mainiacjoe_overflow_brackets, temple_hall,
          gup_ossuary_entry_pyramid, uniq_pikel, uniq_duvessa, uniq_grinder

Skill      XL: |  1  2  3  4  5  6  7 |
---------------+----------------------+-----
Axes           | 4 5 6 7 |  7.8
Fighting       | 4 5 |  5.3
Armour         | 3 4 5 |  5.0
Dodging        | 3 |  3.6
Stealth        | |  0.8

Action                     |  1- 3 |  4- 6 |  7- 9 || total
---------------------------+-------+-------+-------++-------
  Melee: Hand axe          |    81 |   119 |    14 ||   214
         Headbutt          |     8 |    15 |     2 ||    25
         Punch             |     1 |       |       ||     1
 Invoke: Berserk           |     1 |     1 |       ||     2
         Trog's Hand       |       |     1 |     1 ||     2
 Armour: Animal skin       |    19 |       |       ||    19
         Chain mail        |    52 |    66 |       ||   118
         Plate armour      |       |    25 |    34 ||    59
  Dodge: Dodged            |    40 |    84 |    17 ||   141
